 Dungeon Crawl Stone Soup version 0.31.0-11-ge490571c62 (webtiles) character file.

Game seed: 13664487806914689805

178303 inti the Peltast (level 18, -4/104 (105) HPs)
             Began as a Vine Stalker Berserker on Feb 1, 2024.
             Was the Champion of Trog.
             Slain by a spectral six-headed hydra (7 damage)
             ... on level 4 of the Swamp.
             The game lasted 00:55:03 (23050 turns).

inti the Peltast (Vine Stalker Berserker)          Turns: 23050, Time: 00:55:04

HP:   -4/104 (105)  AC: 41    Str: 21    XL:     18   Next: 19%
MP:   0/19          EV: 13    Int:  7    God:    Trog [******]
Gold: 2684          SH:  0    Dex: 21    Spells: 17/17 levels left

rFire   + . .        o - +9 quick blade (venom) {rare}
rCold   + . .        l - +0 kite shield
rNeg    . . .        d - +8 gold dragon scales {rare}
rPois   +            R - +2 helmet
rElec   .            U - +0 cloak
rCorr   .            N - +2 pair of gloves
SInv    .            L - +0 pair of boots
Will    ++...        (no amulet) Stlth
                     E - +5 ring of evasion
HPRegen 1.17/turn    O - +4 ring of protection
MPRegen 0.16/turn

%: guardian spirit
@: confused, about to teleport, ambrosia-drunk, lightly drained
A: fangs 3, regeneration 1, magic shield, antimagic bite, no potion heal 2
a: Renounce Religion, Berserk, Trog's Hand, Brothers in Arms


You were on level 4 of the Swamp.
You worshipped Trog.
Trog was exalted by your worship.
You visited 4 branches of the dungeon, and saw 26 of its levels.
You also visited: Bailey and Ice Cave.

You collected 4453 gold pieces.
You spent 1769 gold pieces at shops.

Inventory:

Hand Weapons
 o - a +9 quick blade of venom (weapon) {rare}
 I - a +4 dagger
 P - a +4 antimagic dagger
 S - a +5 rapier of flaming
Missiles
 f - a throwing net {=f!f}
 y - 2 curare-tipped darts {=f}
Armour
 d - +8 gold dragon scales (worn) {rare}
 l - a +0 kite shield (worn)
 L - a +0 pair of boots (worn)
 N - a +2 pair of gloves (worn)
 R - a +2 helmet (worn)
 T - a +1 buckler of cold resistance
 U - a +0 cloak (worn)
Jewellery
 b - the Hermit's Pendant {Faith Invo=14 Evo=0 MP+5}
   (You found it on level 8 of the Dungeon)

   [amulet of faith]

   Invo=14: It sets your Invocations skill to 14.
   Evo=0: It sets your Evocations skill to 0.
   Faith:     It allows you to gain divine favour quickly.
   MP+5:      It affects your magic capacity (+5).
 E - a +5 ring of evasion (left hand)
 F - a ring of protection from fire
 O - a +4 ring of protection (right hand)
 W - a ring of magical power
 Y - the ring of Amelioration {Str+2 Dex+6}
   (You found it in an ice cave)

   [ring of dexterity]

   Str+2:     It affects your strength (+2).
   Dex+6:     It affects your dexterity (+6).
Wands
 e - a wand of digging (7)
 k - a wand of roots (6)
 m - a wand of mindburst (16)
 B - a wand of polymorph (4)
 C - a wand of light (9)
 G - a wand of paralysis (19)
Scrolls
 g - 4 scrolls of poison {!r}
 h - 3 scrolls of amnesia
 p - 2 scrolls of fear
 r - 3 scrolls of brand weapon
 s - 4 scrolls of fog
 t - 10 scrolls of teleportation {@r4}
 A - 4 scrolls of vulnerability {!r!r}
 H - 2 scrolls of revelation
 J - a scroll of summoning
 K - 3 scrolls of immolation {!r!r}
 Q - 2 scrolls of silence {!r!r}
 Z - 2 scrolls of acquirement
Potions
 a - 7 potions of brilliance
 c - 5 potions of magic
 i - 5 potions of lignification {unknown}
 j - 2 potions of attraction {!q}
 n - 2 potions of berserk rage {!q}
 q - 4 potions of resistance
 u - 2 potions of invisibility {unknown}
 v - 4 potions of cancellation
 w - 8 potions of might
 x - 8 potions of curing {unknown}
 z - 4 potions of enlightenment {unknown}
 M - 3 potions of haste {unknown}
 X - 2 potions of mutation {!q}


   Skills:
 + Level 16.0 Fighting
 - Level 12.0 Short Blades
 + Level 13.5 Armour
 - Level 9.9 Dodging
 - Level 7.0 Stealth
 - Level 16.6 Shields


You had 17 spell levels left.
You didn't know any spells.
Your spell library was empty.

Dungeon Overview and Level Annotations

Branches:
Dungeon (15/15)            Temple (0/1) D:7            Lair (5/5) D:11
  Swamp (4/4) Lair:2       Spider (0/4) Lair:2        Slime (0/5) Lair:4
    Orc (2/2) D:12            Elf (0/3) Orc:2        Vaults (0/5) D:14
 Depths (0/4) D:15         Bailey (visited)           IceCv (visited)

Altars:
Ashenzari
Cheibriados
Fedhas
Hepliaklqana
Nemelex Xobeh
Ru
Sif Muna
Uskayaw
Xom
Yredelemnul
Zin

Shops:
D:4 :   D:7 :   D:9 [   D:12 *   Orc:1 =*   Orc:2 ?[=[

Portals:
Abyss: Orc:2
Trove: D:12 (give 2 scrolls of acquirement)

Annotations:
Swamp:4 exclusion: oklob plant


Innate Abilities, Weirdness & Mutations

You have razor-sharp teeth.
Your natural rate of healing is unusually fast.
When hurt, damage is shared between your health and your magic reserves.
Your bite disrupts and absorbs the magic of your enemies.
Potions cannot restore your health.


Message History

The spectral six-headed hydra bites you but does no damage.
The spectral six-headed hydra bites you!
* * * LOW HITPOINT WARNING * * *
You block the spectral six-headed hydra's attack.
The spectral six-headed hydra bites you but does no damage.
The spectral six-headed hydra bites you.
* * * LOW HITPOINT WARNING * * *
You feel drained.
The six-headed hydra skeleton bites you.
* * * LOW HITPOINT WARNING * * *
The six-headed hydra skeleton bites you but does no damage.
You block the six-headed hydra skeleton's attack.
The six-headed hydra skeleton bites you but does no damage.
The six-headed hydra skeleton barely misses you.
The six-headed hydra skeleton bites you.
* * * LOW HITPOINT WARNING * * *
Okay, then.
As you read the scroll of teleportation {@r4}, it crumbles to dust.
You feel strangely unstable. The shambling mangrove hits you!
* * * LOW HITPOINT WARNING * * *
The grasping roots constrict you.
* * * LOW HITPOINT WARNING * * *
The spectral six-headed hydra bites you but does no damage.
You block the spectral six-headed hydra's attack. x2
The spectral six-headed hydra bites you but does no damage.
You block the spectral six-headed hydra's attack.
The spectral six-headed hydra bites you but does no damage.
The six-headed hydra skeleton bites you but does no damage.
The six-headed hydra skeleton bites you!
* * * LOW HITPOINT WARNING * * *
The six-headed hydra skeleton bites you but does no damage.
The six-headed hydra skeleton barely misses you.
The six-headed hydra skeleton bites you.
* * * LOW HITPOINT WARNING * * *
The six-headed hydra skeleton barely misses you.
The grasping roots release their grip on you.
The spectral six-headed hydra attacks as it pursues you!
The spectral six-headed hydra bites you!
* * * LOW HITPOINT WARNING * * *
You block the spectral six-headed hydra's attack. x2
The spectral six-headed hydra closely misses you.
You block the spectral six-headed hydra's attack.
The spectral six-headed hydra bites you but does no damage.
Unknown command.
You are confused.
Your system rejects the healing.
You feel invigorated.
The spectral six-headed hydra bites you but does no damage. x3
The spectral six-headed hydra bites you!
You die...

♣♣♣♣♣♣♣♣♣ ♣♣♣
♣♣...~..~♣♣♣♣.♣♣♣♣♣♣
♣.~~~~§~~♣♣.~?..§.~♣♣
♣~~~~~~~~§~[[~~.....♣
♣.....[~~♣§#♣...##♣♣
♣.~..~.~.♣#♣#♣.(♣#
~.~~..~..# ##...~#
~~~.♣♣.~###♣~~~.@#♣
~~.♣♣♣~## #..~..fZ##
~~..♣♣## ♣..~~~.ZZ♣
~~§~~♣ ..~.~^§.f..♣
~~~~## #.§♣#.~♣♣♣..♣
~~~## #.# ♣#♣# .~♣
~### .. ... ## ...♣ #
~.~~


You could see 2 shambling mangroves, a spectral six-headed hydra (strong), a
swamp drake zombie (strong) and a six-headed hydra skeleton (strong).

Vanquished Creatures
  A tentacled monstrosity (Swamp:1)
  Gastronok (Lair:1)
  A thorn hunter (Swamp:4)
  A fenstrider witch (Swamp:1)
  A ghoul (Swamp:4)
  An orc warlord (Orc:1)
  The ghost of NotYourErnst the Fighter, a journeyman DrNe of Ashenzari (D:13)
  5 eleionomae
  4 bunyips
  4 fire dragons
  A great orb of eyes (Orc:2)
  A shambling mangrove (Swamp:3)
  7 vault guards
  Erolcha (D:11)
  Erica (D:9)
  A ghost crab (Swamp:2)
  22 hydras
  A catoblepas (Lair:5)
  16 alligators
  2 ironbound frosthearts (IceCv)
  2 two-headed ogres
  A spriggan air mage (Swamp:2)
  The ghost of Flugkiller the Thaumaturge, a journeyman VSIE of Cheibriados (Orc:2)
  3 centaur warriors
  2 boulder beetles
  2 tengu warriors
  14 death yaks
  3 hell hogs (Orc:2)
  6 spriggans
  5 orc high priests (Orc:2)
  A sixfirhy (D:15)
  Amaemon (D:8)
  A fire crab (shapeshifter) (D:15)
  5 skeletal warriors (D:15)
  Nergalle (Lair:2)
  3 goliath frogs
  5 skysharks
  A death drake (Swamp:1)
  A flayed ghost (Swamp:4)
  A spectral hydra (Swamp:4)
  8 swamp dragons
  An arcanist (D:14)
  6 spriggan druids
  9 bog bodies
  2 deep elf pyromancers
  The ghost of nightchill the Slicer, a novice VSBe of Trog (D:7)
  10 orc knights (Orc:2)
  2 lindwurms (Lair:5)
  4 cyclopes
  An orc sorcerer (Orc:1)
  18 ugly things
  6 manticores
  5 will-o-the-wisps
  2 worldbinders (Orc:2)
  3 meliai (D:14)
  A centaur zombie (D:13)
  19 elephants
  A rust devil (D:15)
  An ice statue (IceCv)
  A torpor snail (Lair:1)
  6 black mambas
  9 cane toads
  2 gargoyles (D:12)
  2 efreet
  Maggie (D:7)
  An unseen horror (shapeshifter) (Orc:2)
  An unseen horror (D:10)
  7 rime drakes
  3 kobold demonologists (D:11)
  A large abomination (Orc:2)
  7 komodo dragons
  Jeremiah (D:9)
  The ghost of NitroKuite the Ruffian, an amateur TrMo (D:7)
  A freezing wraith (Swamp:4)
  A tengu conjurer (D:15)
  6 trolls
  A hydra zombie (Swamp:4)
  2 red devils (D:15)
  A hellwing (D:15)
  9 polar bears
  5 tyrant leeches
  Grinder (D:4)
  Prince Ribbit (D:7)
  9 hornets
  6 dream sheep
  25 blink frogs
  3 hydra skeletons (Swamp:4)
  A meliai zombie (D:13)
  A raiju (Orc:2)
  15 slime creatures
  2 vampires
  A wraith (D:11)
  4 shadows
  60 yaks
  Grum (D:8)
  5 wargs
  7 wyverns
  4 humans (D:14)
  A death yak simulacrum (Lair:3)
  12 basilisks
  2 chaos spawn (D:15)
  Menkaure (D:6)
  7 vampire mosquitoes
  4 steam dragons
  13 swamp worms
  2 acid dragons
  2 hydra simulacra (Swamp:4)
  12 water moccasins
  2 ice beasts
  10 swamp drakes
  40 orc warriors
  5 ogres (Orc:2)
  2 laughing skulls (D:15)
  A swamp dragon zombie (Swamp:4)
  3 black bears
  4 centaurs
  31 wolves
  4 kobold brigands
  13 bullfrogs
  A gnoll sergeant (D:9)
  A necrophage (D:11)
  4 scorpions
  An elephant simulacrum (Lair:3)
  4 killer bees (D:10)
  2 howler monkeys (D:10)
  An electric eel (Lair:1)
  5 hounds
  5 jellies
  2 gnoll boudas
  29 orc priests
  8 iguanas
  25 orc wizards
  Robin (D:4)
  16 gnolls
  5 adders
  2 swamp drake zombies (Swamp:4)
  3 white imps
  7 ribbon worms
  96 orcs
  6 endoplasms
  7 giant cockroaches
  19 goblins
  9 hobgoblins
  A quokka (D:3)
  6 ball pythons
  6 bats
  5 frilled lizards (D:1)
  34 kobolds
  4 rats (D:3)
933 creatures vanquished.

Vanquished Creatures (collateral kills)
  A goliath frog (Swamp:1)
  An orange demon (D:9)
  An orc warrior (Bailey)
  3 gnolls (Bailey)
6 creatures vanquished.

Vanquished Creatures (others)
  A bunyip (Swamp:3)
  A vault guard (D:14)
  4 bloated husks
  A human (D:14)
  A basilisk (D:15)
  20 foxfires
28 creatures vanquished.

Grand Total: 967 creatures vanquished

Notes
Turn   | Place    | Note
-------+----------+-------------------------------------------
     0 | D:1      | inti the Vine Stalker Berserker began the quest for the
                  | Orb.
     0 | D:1      | Reached XP level 1. HP: 11/11 MP: 2/2
   102 | D:1      | Reached XP level 2. HP: 15/16 MP: 1/3
   127 | D:1      | Found a faded altar of an unknown god.
   155 | D:1      | Reached skill level 3 in Short Blades
   568 | D:1      | Reached XP level 3. HP: 19/19 MP: 4/4
   951 | D:2      | Reached ** piety under Trog
   955 | D:2      | Reached skill level 3 in Fighting
  1118 | D:2      | Reached XP level 4. HP: 24/24 MP: 3/5
  1505 | D:3      | Reached XP level 5. HP: 28/28 MP: 6/6
  1659 | D:3      | Found a snail-covered altar of Cheibriados.
  1815 | D:3      | Identified the +3 spear of the Bruised Friends {freeze,
                  | rC++}
  1847 | D:3      | Found a hide-covered altar of Uskayaw.
  2077 | D:4      | Noticed Grinder
  2085 | D:4      | Paralysed by Grinder for 5 turns
  2095 | D:4      | Killed Grinder
  2096 | D:4      | Reached XP level 6. HP: 24/33 MP: 7/7
  2153 | D:4      | Reached skill level 3 in Armour
  2157 | D:4      | Reached skill level 3 in Dodging
  2190 | D:3      | Reached XP level 7. HP: 37/37 MP: 8/8
  2478 | D:4      | Noticed Robin
  2493 | D:4      | Reached *** piety under Trog
  2508 | D:4      | Killed Robin
  2531 | D:4      | Found Rankageb's Book Boutique.
  2643 | D:5      | Entered Level 5 of the Dungeon
  2761 | D:5      | Noticed a shadow
  2770 | D:5      | Killed a shadow
  3048 | D:5      | Gained mutation: You have razor-sharp teeth. [Vine Stalker
                  | growth]
  3048 | D:5      | Reached XP level 8. HP: 40/42 MP: 7/9
  3372 | D:6      | Reached skill level 6 in Short Blades
  3415 | D:6      | Found a sacrificial altar of Ru.
  3695 | D:6      | Found a blossoming altar of Fedhas.
  4004 | D:7      | Noticed Menkaure
  4021 | D:7      | Reached XP level 9. HP: 47/47 MP: 10/10
  4089 | D:6      | Killed Menkaure
  4143 | D:7      | Found a runed translucent gate.
  4144 | D:7      | Found a runed translucent gate.
  4144 | D:7      | Found a runed translucent gate.
  4162 | D:7      | Noticed Maggie
  4196 | D:7      | Killed Maggie
  4247 | D:7      | Reached **** piety under Trog
  4274 | D:7      | Found Ytzelep's Book Shoppe.
  4276 | D:7      | Noticed Prince Ribbit
  4287 | D:7      | Killed Prince Ribbit
  4367 | D:7      | Found a staircase to the Ecumenical Temple.
  4395 | D:7      | Reached skill level 6 in Fighting
  4476 | D:7      | Noticed NitroKuite's ghost (amateur TrMo)
  4476 | D:7      | Noticed nightchill's ghost (novice VSBe)
  4735 | D:8      | Found a broken altar of Ashenzari.
  4785 | D:8      | Found a sparkling altar of Nemelex Xobeh.
  4813 | D:8      | Reached skill level 1 in Stealth
  4931 | D:8      | Reached skill level 1 in Shields
  4931 | D:8      | Reached XP level 10. HP: 47/53 MP: 9/11
  5102 | D:8      | Noticed Grum
  5127 | D:8      | Killed Grum
  5287 | D:8      | Reached ***** piety under Trog
  5390 | D:8      | Found a faded altar of an unknown god.
  5390 | D:8      | Found the Hermit's Pendant {Faith Invo=14 Evo=0 MP+5}
  5535 | D:9      | Reached skill level 3 in Stealth
  5644 | D:9      | Noticed Amaemon
  5661 | D:9      | Noticed an orange demon
  5678 | D:8      | Killed Amaemon
  5679 | D:8      | Reached skill level 9 in Short Blades
  5709 | D:9      | Killed an orange demon
  5961 | D:9      | Noticed Jeremiah
  6039 | D:9      | Killed Jeremiah
  6040 | D:9      | Reached skill level 6 in Armour
  6040 | D:9      | Reached skill level 6 in Dodging
  6040 | D:9      | Reached skill level 3 in Shields
  6040 | D:9      | Reached XP level 11. HP: 48/57 MP: 12/12
  6111 | D:9      | Noticed Erica
  6130 | D:9      | Killed Erica
  6257 | D:9      | Found Heinrich's Dragon-Slaying Spoils.
  6373 | D:9      | Identified a scroll of acquirement
  6374 | D:9      | Acquired 1005 gold pieces
  6405 | D:9      | Bought +0 gold dragon scales for 960 gold pieces
  6439 | D:10     | Entered Level 10 of the Dungeon
  6469 | D:10     | Found a shimmering altar of Xom.
  6546 | D:10     | Found a flagged portal.
  6552 | D:10     | Received a gift from Trog
  6574 | Bailey   | Entered a bailey
  7101 | D:10     | Noticed a centaur warrior
  7103 | D:10     | Found a runed translucent door.
  7108 | D:10     | Noticed a two-headed ogre
  7327 | D:10     | Found a glowing silver altar of Zin.
  7336 | D:10     | Found a shimmering blue altar of Sif Muna.
  7377 | D:10     | Acquired a manual of Armour
  7392 | D:11     | Noticed a white ugly thing
  7401 | D:11     | Killed a white ugly thing
  7416 | D:11     | Found a staircase to the Lair.
  7626 | D:11     | Noticed a soul eater
  7718 | D:11     | Noticed a manticore
  7731 | D:11     | Killed a manticore
  7752 | D:11     | Noticed a deep elf pyromancer
  7760 | D:11     | Killed a deep elf pyromancer
  7761 | D:11     | Reached skill level 6 in Stealth
  7832 | D:11     | Noticed Erolcha
  7841 | D:11     | Killed Erolcha
  8105 | D:12     | Noticed a manticore
  8113 | D:12     | Killed a manticore
  8117 | D:12     | Found Umul's Pet Rocks.
  8139 | D:12     | Noticed a two-headed ogre
  8148 | D:12     | Killed a two-headed ogre
  8208 | D:12     | Reached XP level 12. HP: 61/64 MP: 13/13
  8258 | D:12     | You fall into a shaft and drop 3 floors!
  8258 | D:15     | Entered Level 15 of the Dungeon
  8313 | D:15     | Noticed a boulder beetle
  8324 | D:15     | Killed a boulder beetle
  8395 | D:13     | Noticed a tengu warrior
  8406 | D:13     | Killed a tengu warrior
  8408 | D:13     | Noticed a centaur warrior
  8421 | D:13     | Killed a centaur warrior
  8425 | D:13     | Noticed a four-headed hydra
  8521 | D:12     | Received a gift from Trog
  8568 | D:12     | Found a staircase to the Orcish Mines.
  8702 | D:12     | Noticed a vault guard
  8708 | D:12     | Killed a vault guard
  8736 | D:12     | Found a portal to a secret trove of treasure.
  9072 | Lair:1   | Entered Level 1 of the Lair of Beasts
  9258 | Lair:1   | Noticed Gastronok
  9272 | Lair:1   | Killed Gastronok
  9279 | Lair:1   | Reached skill level 12 in Short Blades
  9297 | Lair:1   | Reached skill level 6 in Shields
  9377 | Lair:1   | Found a blossoming altar of Fedhas.
  9391 | Lair:1   | Reached skill level 9 in Fighting
  9470 | Lair:1   | Reached XP level 13. HP: 60/70 MP: 14/14
  9962 | Lair:2   | Found a hole to the Spider Nest.
 10079 | Lair:2   | Noticed Nergalle
 10098 | Lair:2   | Killed Nergalle
 10416 | Lair:2   | Found a staircase to the Swamp.
 11050 | Lair:3   | Reached skill level 9 in Armour
 11073 | Lair:3   | Reached skill level 9 in Dodging
 11189 | Lair:3   | Found a frozen archway.
 11193 | Lair:3   | Reached ****** piety under Trog
 11193 | Lair:3   | Received a gift from Trog
 11205 | IceCv    | Entered an ice cave
 11318 | IceCv    | Reached XP level 14. HP: 77/77 MP: 15/15
 11783 | IceCv    | Identified the ring of Amelioration {Str+2 Dex+6}
 12598 | Lair:4   | Reached skill level 9 in Shields
 12640 | Lair:4   | Found a staircase to the Slime Pits.
 12718 | Lair:4   | Received a gift from Trog
 13175 | Lair:5   | Entered Level 5 of the Lair of Beasts
 13373 | Lair:5   | Reached XP level 15. HP: 84/84 MP: 16/16
 13519 | Lair:5   | Reached skill level 12 in Fighting
 13616 | Lair:5   | Received a gift from Trog
 13925 | Lair:5   | Reached skill level 12 in Shields
 14506 | Orc:1    | Entered Level 1 of the Orcish Mines
 14624 | Orc:2    | Entered Level 2 of the Orcish Mines
 14626 | Orc:2    | Noticed an orc warlord
 14635 | Orc:2    | Received a gift from Trog
 14680 | Orc:1    | Killed an orc warlord
 14865 | Orc:1    | Found Koqakiw's Jewellery Shop.
 15193 | Orc:1    | Found Jybaosm's Assorted Antiques.
 15220 | Orc:1    | Bought 2 fuming silvery potions for 57 gold pieces
 15220 | Orc:1    | Bought a potion of cancellation for 256 gold pieces
 15220 | Orc:1    | Bought a scroll of teleportation for 96 gold pieces
 15220 | Orc:1    | Bought a scroll of identify for 64 gold pieces
 15419 | Orc:2    | Found a staircase to the Elven Halls.
 15445 | Orc:2    | Found a transporter.
 15917 | Orc:2    | Found a transporter.
 15921 | Orc:2    | Noticed Flugkiller's ghost (journeyman VSIE)
 16504 | Orc:2    | Identified the +9 broad axe "Iliofrimp" {antimagic, *Noise
                  | +Blink rN+++ Str+3} (Trog gifted it to you on level 2 of
                  | the Orcish Mines)
 16504 | Orc:2    | Received a gift from Trog
 16534 | Orc:2    | Reached XP level 16. HP: 75/91 MP: 15/17
 16593 | Orc:2    | Found Hutog's Antique Armour Boutique.
 16594 | Orc:2    | Found Lunan's Armour Boutique.
 16594 | Orc:2    | Found Fineppoh's Jewellery Shop.
 16595 | Orc:2    | Found Qadwo's Magic Scroll Boutique.
 16601 | Orc:2    | Bought a scroll of blinking for 105 gold pieces
 16601 | Orc:2    | Bought a scroll of enchant armour for 105 gold pieces
 16601 | Orc:2    | Bought a scroll of teleportation for 42 gold pieces
 16601 | Orc:2    | Bought a scroll of identify for 28 gold pieces
 16601 | Orc:2    | Bought a scroll of fear for 56 gold pieces
 16804 | D:7      | Killed NitroKuite's ghost
 16809 | D:7      | Killed nightchill's ghost
 17109 | Orc:2    | Found a one-way gate to the infinite horrors of the Abyss.
 17127 | Orc:2    | Killed Flugkiller's ghost
 17589 | D:13     | Found a runed translucent gate.
 17589 | D:13     | Found a runed translucent gate.
 17589 | D:13     | Found a runed translucent gate.
 17589 | D:13     | Noticed NotYourErnst's ghost (journeyman DrNe)
 17591 | D:13     | Found a basalt altar of Yredelemnul.
 17613 | D:13     | Killed NotYourErnst's ghost
 18270 | D:14     | Identified the +2 ring mail of Anaesthesia {Str+4 Int+3
                  | Stlth+}
 18539 | D:14     | Received a gift from Trog
 18585 | D:14     | Found a gate to the Vaults.
 18758 | D:14     | Reached skill level 15 in Shields
 19466 | D:15     | Found a staircase to the Depths.
 19608 | D:15     | Identified the +3 war axe of Optimality {holy, *Noise rCorr
                  | SInv}
 19934 | D:15     | Found a hazy altar of Hepliaklqana.
 20105 | Swamp:1  | Entered Level 1 of the Swamp
 20169 | Swamp:1  | Reached XP level 17. HP: 98/98 MP: 18/18
 20749 | Swamp:1  | Received a gift from Trog
 20778 | Swamp:1  | Found a basalt altar of Yredelemnul.
 20884 | Swamp:1  | Noticed a tentacled monstrosity
 20908 | Swamp:1  | Killed a tentacled monstrosity
 21586 | Swamp:2  | Reached skill level 15 in Fighting
 22090 | Swamp:3  | Reached skill level 12 in Armour
 22432 | Swamp:4  | Entered Level 4 of the Swamp
 22810 | Swamp:4  | Reached XP level 18. HP: 101/105 MP: 17/19
 22922 | Swamp:4  | Received a gift from Trog
 23049 | Swamp:4  | HP: 2/104 [spectral six-headed hydra (5)]
 23050 | Swamp:4  | Slain by a spectral six-headed hydra

Illustrated notes

Levels and vault maps discovered:
D:1:      lightli_arrival_windingriver, layout_basic, basic_ecumenical_altar
D:2:      layout_loops_ring
D:3:      layout_rooms, nicolae_uskayaw_murder_on_the_dancefloor,
          lemuel_coloured_pillars_altar
D:4:      layout_gridville, serial_shops, nicolae_shop_pleasant_corner_grove,
          uniq_robin, uniq_grinder
D:5:      layout_basic
D:6:      layout_basic, fedhas_altar_fruit_tree,
          mainiacjoe_overflow_six_doors_small
D:7:      layout_rooms, minmay_temple_entry_wispy, serial_shops, shop,
          gammafunk_ghost_cemetery, uniq_menkaure, uniq_maggie,
          uniq_prince_ribbit1
D:8:      layout_rooms, mainiacjoe_overflow_concentric_impassable,
          cheibrodos_ashenzari_chains, hellmonk_guarded_unrand_hermit, uniq_grum
D:9:      layout_gridville, nicolae_shop_dragon_depot, uniq_erica,
          uniq_jeremiah, uniq_amaemon
D:10:     layout_cave_pools, nicolae_overflow_crystal_walls,
          mainiacjoe_overflow_swirl, enter_bailey_3, minmay_st_funbox
D:11:     layout_cave_pools, lair_entry_dummy, hangedman_stone_soup,
          st_stairs_14, uniq_erolcha
D:12:     layout_big_octagon, david_orc_4, enter_trove_5, guppyfry_shop_earth
D:13:     layout_loops_ring, nicolae_yredelemnul_ghost_church
D:14:     layout_stronghold, ximxim_vaults_locker_room
D:15:     grunt_enter_depths_hoard, layout_long_grid,
          nicolae_hepliaklqana_hippocampus, serial_demonic, serial_demonic_b,
          serial_demonic_b, serial_demonic_g, serial_demonic_d
Lair:1:   layout_cave_shapes, basic_altar, grunt_megastairs_4,
          infiniplex_staircase_pool, lemuel_fruit_fields, serial_bayou_shore_b,
          uniq_gastronok
Lair:2:   layout_hall_layers, minmay_swamp_entry_worms,
          nicolae_spider_entry_non_spiders, minmay_holes, grunt_megastairs_3,
          uniq_nergalle
Lair:3:   layout_chaotic_city, portal_ice_cave_entry_ice_simulacra,
          chequers_serial_rivers_room_a, chequers_serial_rivers_micro_c,
          chequers_serial_rivers_large_a, serial_bayou_shore_b,
          grunt_megastairs_5, lemuel_fruit_fields, infiniplex_staircase_pool_2
Lair:4:   layout_cave_shapes, minmay_slime_entry_pillars
Lair:5:   guppyfry_lair_end_dragon, layout_long_grid, hangedman_lair_in_review
Swamp:1:  cheibrodos_swamp_monstrosity, layout_basic_swamp,
          evilmike_swamp_ruin_house_4, grunt_ruined_hall
Swamp:2:  layout_basic_swamp, nicolae_swamp_well_well_well, swamp_pool_1_2,
          nicolae_swamp_baby_hydras
Swamp:3:  layout_basic_swamp, evilmike_swamp_ruin_house_1, swamp_pool_1_2
Swamp:4:  byrel_swamp_growth_death_and_undeath, layout_basic_swamp
Orc:1:    cheibrodos_orc_guarddog, layout_caves, serial_shops,
          nicolae_shop_getting_attention, nicolae_shop_hallway_plus,
          nicolae_orc_quarried_blocks
Orc:2:    st_orc_pillars, layout_caves, gammafunk_ghost_abyssal_escape

Skill      XL: |  1  2  3  4  5  6  7  8  9 10 11 12 13 14 15 16 17 18 |
---------------+-------------------------------------------------------+-----
Short Blades   | 3 4 5 6 8 9 10 12 | 12.0
Fighting       | 3 4 5 6 7 8 9 10 11 13 14 15 16 | 16.0
Dodging        | 2 3 4 5 6 7 9 |  9.9
Armour         | 2 3 4 5 6 7 9 12 13 | 13.5
Stealth        | 1 4 6 7 |  7.0
Shields        | 1 3 4 6 8 10 13 15 16 | 16.6

Action                     |  1- 3 |  4- 6 |  7- 9 | 10-12 | 13-15 | 16-18 || total
---------------------------+-------+-------+-------+-------+-------+-------++-------
  Melee: Short sword       |    95 |    97 |       |       |       |       ||   192
         Bite              |    25 |    57 |   155 |   388 |  1350 |   952 ||  2927
         Dagger            |       |    69 |   455 |   235 |       |       ||   759
         Punch             |       |       |     6 |     1 |       |       ||     7
         Quick blade       |       |       |       |   657 |  2783 |  1974 ||  5414
 Invoke: Berserk           |       |     2 |     1 |     3 |       |     1 ||     7
         Trog's Hand       |       |     1 |     1 |       |       |     5 ||     7
         Brothers in Arms  |       |       |       |     2 |       |     1 ||     3
  Evoke: Wand              |       |       |       |     1 |       |     6 ||     7
    Use: Scroll            |       |       |       |    18 |    16 |    18 ||    52
         Potion            |       |       |       |       |       |     1 ||     1
   Stab: Sleeping          |     3 |       |       |       |       |       ||     3
         Distracted        |       |       |       |     1 |     1 |     1 ||     3
         Petrifying        |       |       |       |       |     1 |       ||     1
         Petrified         |       |       |       |       |     1 |       ||     1
         Paralysed         |       |       |       |       |       |     3 ||     3
 Armour: Animal skin       |    16 |       |       |       |       |       ||    16
         Scale mail        |    23 |    56 |       |       |       |       ||    79
         Ring mail         |       |    35 |     4 |       |       |       ||    39
         Chain mail        |       |       |   166 |    88 |       |       ||   254
         Gold dragon scale |       |       |       |   260 |   851 |   768 ||  1879
  Dodge: Dodged            |    43 |    82 |   196 |   262 |   474 |   344 ||  1401
  Block: Kite shield       |       |       |       |   227 |   831 |   702 ||  1760
